AoeStats
← Navix de los Bosques de Lituania

Arabia

504641968Analyzed
3v3 RM · 27d ago on Sep 6, 2026· 25m 13s· 6 players
Game mode
Random Map
Map size
Normal (6 player)
Population
200
Speed
Normal
Resources
Standard
Victory
Conquest
Starting age
Dark Age
Ending age
Imperial Age
RankedLock teamsTeams togetherTeam positionsShared explorationLock speedFull tech treeHidden civsTurbo modeCheats
Victory
Defeat
🇨🇴 Persians · Colombia
699
+16
680
+17
🇦🇺 Bohemians · Australia
636
+19
🇧🇷 Goths · Brazil
804
-52
🇧🇷 Ethiopians · Brazil
706
-18
🇧🇷 Italians · Brazil
603
-21
Derzer
9:52 Feudal Age
12:52 Man-at-Arms
15:20 Scale Mail Armor
17:04 Forging
19:36 Horse Collar
19:44 Double-Bit Axe
21:30 Wheelbarrow
23:52 Bloodlines
23:51 Scale Barding Armor
Navix de los Bosques de Lituania
5:28 Loom
11:42 Feudal Age
11:55 Man-at-Arms
12:48 Arson
13:25 Long Swordsman
THENEYK
11:37 Feudal Age
16:14 Castle Age
16:38 Double-Bit Axe
18:35 Town Watch
0xSales
11:27 Feudal Age
9:46 Loom
14:40 Double-Bit Axe
14:39 Horse Collar
16:57 Man-at-Arms
17:48 Gold Mining
22:29 Scale Mail Armor
22:40 Forging
LordSales
6:09 Loom
12:46 Feudal Age
13:19 Double-Bit Axe
13:39 Horse Collar
apollw
11:57 Feudal Age
12:32 Loom
12:56 Double-Bit Axe
12:57 Horse Collar
13:12 Gold Mining
15:35 Wheelbarrow
23:51 Padded Archer Armor
Connection lost

Rejoining the realm…

Still unreachable

The connection could not be restored.

Session expired

The server has moved on; the page needs a fresh start.